 Dungeon Sprint DCSS version 0.21-a0-52-gbf49515 (webtiles) character file.

81 Kidiri the Ruffian (level 4, -4/49 HPs)
             Began as a Troll Monk on June 13, 2017.
             Was a Priest of Wu Jian.
             Slain by an air elemental (9 damage)
             ... in the Dungeon (Sprint V: "Ziggurat Sprint").
             The game lasted 00:01:29 (155 turns).

Kidiri the Ruffian (Troll Monk)                      Turns: 155, Time: 00:01:29

Health: -4/49      AC: 21    Str: 25    XL:     4   Next: 20%
Magic:  3/3        EV:  4    Int:  6    God:    Wu Jian [***...]
Gold:   0          SH:  0    Dex: 19    Spells: 3/3 levels left

rFire    + . .     SeeInvis .     - Unarmed
rCold    + . .     Gourm    +   (no shield)
rNeg     . . .     Faith    .   i - +5 gold dragon scales
rPois    +         Spirit   .   (helmet restricted)
rElec    .         Reflect  .   (no cloak)
rCorr    .         Harm     .   (gloves unavailable)
MR       .....     NoTele   +   (boots unavailable)
Stlth    ..........             (no amulet)
Regen    0.6/turn               z - +6 ring of dexterity
MPRegen  0.1/turn               D - +6 ring of strength

@: no status effects
A: unfitting armour, claws 3, fast metabolism 3, gourmand, regeneration 1,
shaggy fur 1, tough skin 2
a: Renounce Religion


You were in the Dungeon.
You worshipped Wu Jian.
Wu Jian was most pleased with you.
You were not hungry.

You visited 1 branch

Inventory:

Armour
 a - a +0 robe
 i - +5 gold dragon scales (worn)
 y - the +18 shield of the Gong {rElec rN+ MR+ EV-5}
   (You found it in the Dungeon)

   It affects your evasion (-5).
   It insulates you from electricity.
   It protects you from negative energy.
   It affects your resistance to hostile enchantments.
Jewellery
 z - a +6 ring of dexterity (left claw)
 A - a +6 ring of dexterity
 D - a +6 ring of strength (right claw)
 E - a +6 ring of strength
Wands
 F - a wand of disintegration (7/24)
 G - a wand of iceblast (5/15)
 H - a wand of lightning (5/15)
 I - a wand of acid (5/15)
Scrolls
 h - 4 scrolls of blinking
 p - 4 scrolls of amnesia
 q - 3 scrolls of recharging
 r - 7 scrolls of fog
 s - a scroll of holy word
 t - 5 scrolls of identify
 u - 5 scrolls of remove curse
 v - 2 scrolls of fear
Potions
 c - 10 potions of curing
 d - 10 potions of heal wounds
 e - 6 potions of haste
 f - 7 potions of magic
 g - 3 potions of berserk rage
 j - 2 potions of brilliance
 k - 2 potions of invisibility
 l - 4 potions of resistance
 n - 5 potions of agility
 o - 5 potions of might
Comestibles
 b - 6 bread rations
 w - 42 fruits
 x - 4 meat rations


   Skills:
 * Level 4.7 Fighting
 + Level 2.5 Armour
 * Level 4.7 Dodging
 - Level 1.0 Stealth
 + Level 2.6 Shields
 * Level 5.7 Unarmed Combat


You had 3 spell levels left.
You didn't know any spells.

Dungeon Overview and Level Annotations

Branches:
Dungeon (1/1)

Altars:
Ashenzari
Cheibriados
Dithmenos
Elyvilon
Fedhas
Gozag
Hepliaklqana
Kikubaaqudgha
Makhleb
Nemelex Xobeh
Okawaru
Qazlal
Ru
Sif Muna
Trog
Uskayaw
Vehumet
Wu Jian
Xom
Yredelemnul
Zin
The Shining One
Beogh
Jiyva
Lugonu

Annotations:
D 1 transporter


Innate Abilities, Weirdness & Mutations

You are too large for most types of armour.
You have claws for hands.
Your metabolism is lightning-fast.
You like to eat raw meat.
Your natural rate of healing is unusually fast.
You are covered in fur. (AC +1)
You have very tough skin. (AC +2)


Message History

You attack the insubstantial wisp from above.
You miss the insubstantial wisp.
The insubstantial wisp is heavily damaged.
You attack the air elemental from above.
You completely miss the air elemental.
The air elemental is heavily damaged.
You attack the air elemental from above.
Your gold dragon scales prevents you from hitting the air elemental.
You attack the insubstantial wisp from above.
You scratch the insubstantial wisp.
The insubstantial wisp is moderately damaged.
The air elemental hits you but does no damage.
The air elemental hits you.
* * * LOW HITPOINT WARNING * * *
The air elemental hits you!
* * * LOW HITPOINT WARNING * * *
The air elemental hits you but does no damage.
The insubstantial wisp hits you but does no damage.
The air elemental hits you!
You die...

▓▓▓▓▓▓▓▓▓▓▓▓▓▓▓▓▓▓▓
▓.8©8.▓.8©8.▓.8©8.▓
▓.)}".▓.})).▓.....▓
▓..)..▓.....▓.).}.▓
▓.§§§.▓...|.▓.....▓
▓.v@§.▓...).▓.....▓
▓.EEv.▓.....▓.....▓
▓.§.§.▓.....▓▓▓▓▓▓▓
▓▓▓▓▓▓▓▓▓▓▓▓▓


You could see 2 air elementals and 2 insubstantial wisps.

Vanquished Creatures
  2 orc priests (D)
  A white imp (D)
  An ufetubus (D)
  An orc (D)
5 creatures vanquished.

Notes
Turn   | Place    | Note
-------+----------+-------------------------------------------
     0 | D        | Kidiri the Troll Monk began the quest for the Orb.
     0 | D        | Reached XP level 1. HP: 22/22 MP: 0/0
     8 | D        | Found a deep blue altar of Sif Muna.
     8 | D        | Found a bloodstained altar of Trog.
     8 | D        | Found a sacrificial altar of Ru.
     8 | D        | Found a stormy altar of Qazlal.
     8 | D        | Found an iron altar of Okawaru.
     9 | D        | Found a sparkling altar of Nemelex Xobeh.
     9 | D        | Found a blossoming altar of Fedhas.
    11 | D        | Found a transporter.
    11 | D        | Found an ancient bone altar of Kikubaaqudgha.
    11 | D        | Found a viscous altar of Jiyva.
    11 | D        | Found a corrupted altar of Lugonu.
    11 | D        | Found a hazy altar of Hepliaklqana.
    11 | D        | Found a burning altar of Makhleb.
    11 | D        | Found an opulent altar of Gozag.
    38 | D        | Became a worshipper of the Wu Jian Council
    38 | D        | Reached * piety under Wu Jian
    38 | D        | Reached ** piety under Wu Jian
    52 | D        | Reached skill level 1 in Armour
    52 | D        | Reached skill level 1 in Shields
    52 | D        | Reached skill level 4 in Unarmed Combat
    52 | D        | Reached XP level 2. HP: 32/32 MP: 1/1
    62 | D        | Entered arena 2.
    62 | D        | Found a transporter.
    73 | D        | Entered arena 3.
    73 | D        | Found a transporter.
    77 | D        | Reached skill level 5 in Unarmed Combat
    77 | D        | Reached XP level 3. HP: 40/40 MP: 2/2
    78 | D        | Reached *** piety under Wu Jian
    78 | D        | Reached XP level 4. HP: 45/49 MP: 3/3
   150 | D        | Entered arena 4.
   150 | D        | Noticed an air elemental
   150 | D        | Noticed an insubstantial wisp
   150 | D        | Noticed an insubstantial wisp
   150 | D        | Noticed an air elemental
   150 | D        | Found a transporter.
   155 | D        | Slain by an air elemental

Vault maps used:
D:        sprint_v

Skill      XL: |  1  2 |
---------------+-------+-----
Fighting       | 3 4 |  4.7
Armour         | 1 2 |  2.5
Dodging        | 3 4 |  4.7
Shields        | 1 2 |  2.6
Unarmed Combat | 4 5 |  5.7
Stealth        | |  1.0

Action                   |  1- 3 |  4- 6 || total
-------------------------+-------+-------++-------
Melee: Unarmed           |    10 |    12 ||    22
  Use: Potion            |     1 |       ||     1
Armor: Robe              |     4 |       ||     4
       Gold dragon scale |       |    12 ||    12
Dodge: Dodged            |     2 |     3 ||     5
